AoeStats
← 3ykonn

Fortress

509075471Analyzed
3v3 RM · 7d ago on Sep 25, 2026· 49m 42s· 6 players
Game mode
Random Map
Map size
Large (8 player)
Population
200
Speed
Normal
Resources
Standard
Victory
Conquest
Starting age
Dark Age
Ending age
Imperial Age
RankedLock teamsTeams togetherTeam positionsShared explorationLock speedFull tech treeHidden civsTurbo modeCheats
Victory
Defeat
🇨🇳 Spanish · China
991
+12
🇨🇳 Tupi · China
907
+16
🇲🇽 Byzantines · Mexico
828
+19
🇩🇪 Cumans · Germany
950
-18
🇩🇪 Malians · Germany
914
-16
🇩🇪 Hindustanis · Germany
841
-13
3ykonn
8:34 Feudal Age
9:10 Double-Bit Axe
9:07 Horse Collar
10:05 Gold Mining
10:52 Stone Mining
11:51 Wheelbarrow
13:41 Town Watch
16:42 Castle Age
16:31 Forging
19:33 Bow Saw
19:35 Heavy Plow
20:15 Gold Shaft Mining
20:18 Stone Shaft Mining
20:54 Iron Casting
20:35 Squires
23:04 Hand Cart
26:24 Scale Mail Armor
26:18 Fletching
32:13 Imperial Age
31:20 Ballistics
33:24 Farimba
35:40 Cavalier
39:07 Scale Barding Armor
44:55 Town Patrol
44:19 Pikeman
44:38 Elite Skirmisher
hello_nyle
8:09 Feudal Age
8:52 Double-Bit Axe
8:56 Horse Collar
20:10 Castle Age
18:35 Fletching
19:34 Wheelbarrow
20:43 Forging
20:30 Crossbowman
20:34 Elite Skirmisher
20:45 Pikeman
21:58 Bodkin Arrow
23:43 Stone Mining
24:20 Heavy Plow
24:49 Bow Saw
25:34 Iron Casting
29:58 Imperial Age
27:53 Loom
28:25 Padded Archer Armor
30:08 Hand Cart
30:13 Elite Kipchak
31:24 Bloodlines
31:42 Leather Archer Armor
32:13 Hand Cart
32:50 Conscription
33:34 Ring Archer Armor
34:36 Ballistics
36:31 Chemistry
45:22 Light Cavalry
computerj
6:18 Feudal Age
7:20 Double-Bit Axe
11:22 Loom
13:49 Castle Age
11:36 Loom
13:31 Forging
13:28 Scale Barding Armor
31:56 Bow Saw
36:00 Imperial Age
39:54 Imperial Age
力口
6:39 Feudal Age
11:07 Castle Age
11:11 Double-Bit Axe
11:16 Horse Collar
17:32 Fletching
19:12 Loom
20:06 Wheelbarrow
20:22 Bow Saw
21:27 Gold Mining
21:28 Stone Mining
22:44 Heavy Plow
23:15 Bodkin Arrow
25:53 Stone Shaft Mining
27:18 Padded Archer Armor
31:26 Imperial Age
30:07 Leather Archer Armor
31:37 Hand Cart
32:19 Ballistics
33:33 Chemistry
33:09 Elite Conquistador
34:18 Bracer
38:10 Conscription
41:58 Two-Man Saw
42:40 Onager
44:57 Ring Archer Armor
48:15 Forging
49:00 Husbandry
49:11 Bloodlines
49:15 Spies/Treason
Garivan
6:08 Feudal Age
6:34 Double-Bit Axe
7:27 Horse Collar
7:50 Gold Mining
10:59 Stone Mining
15:20 Castle Age
16:20 Bow Saw
17:00 Scale Barding Armor
17:06 Forging
18:33 Husbandry
20:39 Heavy Plow
22:36 Wheelbarrow
23:03 Chain Barding Armor
27:29 Hand Cart
27:02 Loom
30:23 Imperial Age
29:28 Iron Casting
31:36 Conscription
32:23 Plate Barding Armor
31:22 Light Cavalry
31:35 Capped Ram
32:56 Hussar
39:21 Cavalier
42:42 Paladin
maRtin993♪
2:48 Loom
9:46 Feudal Age
13:49 Castle Age
12:59 Double-Bit Axe
12:57 Horse Collar
14:23 Champi Runner
16:51 Stone Mining
17:40 Padded Archer Armor
18:56 Bow Saw
18:49 Heavy Plow
20:02 Arson
21:33 Champi Warrior
23:39 Gold Mining
23:50 Fletching
24:15 Leather Archer Armor
25:55 Gold Shaft Mining
26:02 Wheelbarrow
25:35 Squires
26:06 Caciques
26:28 Forging
26:14 Bodkin Arrow
26:20 Scale Mail Armor
26:20 Town Watch
27:31 Hand Cart
32:08 Imperial Age
30:17 Iron Casting
32:02 Chain Mail Armor
32:25 Caravan
34:35 Two-Man Saw
33:05 Elite Blackwood Archer
35:06 Town Patrol
35:35 Curare
36:06 Elite Champi Warrior
37:47 Ballistics
38:28 Chemistry
37:24 Murder Holes
Connection lost

Rejoining the realm…

Still unreachable

The connection could not be restored.

Session expired

The server has moved on; the page needs a fresh start.